 Dungeon Crawl Stone Soup version 0.28-a0-317-g21599a725c (webtiles) character file.

Game seed: 4933318067879088751

4475 Laan the Cleaver (level 10, 0/56 HPs)
             Began as a Gargoyle Fighter on Sept 1, 2021.
             Was a Follower of the Shining One.
             Slain by a manticore (1 damage)
             ... on level 8 of the Dungeon.
             The game lasted 00:13:27 (7519 turns).

Laan the Cleaver (Gargoyle Fighter)                 Turns: 7519, Time: 00:13:27

Health: 0/56       AC: 21    Str: 22    XL:     10   Next: 38%
Magic:  10/10      EV:  4    Int: 10    God:    the Shining One [*.....]
Gold:   441        SH:  7    Dex:  9    Spells: 9/9 levels left

rFire   + . .      SeeInvis .   y - +2 war axe
rCold   + . .      Faith    .   c - +0 kite shield
rNeg    + + .      Spirit   .   e - +0 plate armour
rPois   ∞          Reflect  .   h - +2 helmet
rElec   +          Harm     .   (no cloak)
rCorr   +          Rampage  .   (no gloves)
Will    .....                   (no boots)
Stlth   ..........              (no amulet)
HPRegen 0.18/turn               r - ring of positive energy
MPRegen 0.12/turn               v - +4 ring of slaying

@: mighty, resistant, glowing
A: sickness immunity, AC +7, negative energy resistance 1, electricity
resistance, torment resistance 1, petrification resistance
a: Renounce Religion


You were on level 8 of the Dungeon.
You worshipped the Shining One.
The Shining One was aware of your devotion.
You visited 2 branches of the dungeon, and saw 9 of its levels.

You collected 506 gold pieces.
You spent 65 gold pieces at shops.

Inventory:

Hand Weapons
 y - a +2 war axe (weapon)
Missiles
 o - 2 throwing nets
 C - 4 javelins (quivered)
Armour
 c - a +0 kite shield (worn)
 e - a +0 plate armour (worn)
 h - a +2 helmet (worn)
Jewellery
 p - a ring of flight
 r - a ring of positive energy (left hand)
 u - a ring of positive energy
 v - a +4 ring of slaying (right hand)
Scrolls
 a - 2 scrolls of summoning {unknown}
 b - 2 scrolls of fear {unknown}
 f - a scroll of blinking {unknown}
 g - 2 scrolls of amnesia {unknown}
 k - a scroll of noise {unknown}
 l - 2 scrolls of magic mapping {unknown}
 m - 2 scrolls of enchant weapon {unknown}
 n - 4 scrolls of identify {unknown}
 s - a scroll of brand weapon {unknown}
 t - 3 scrolls of teleportation {unknown}
 B - a scroll of acquirement {unknown}
 D - a scroll of fog {unknown}
Potions
 q - a potion of degeneration {unknown}
 w - a potion of curing {unknown}
 x - a potion of brilliance {unknown}
 z - a potion of lignification {unknown}
 A - a potion of mutation {unknown}


   Skills:
 - Level 3.2 Fighting
 * Level 13.2 Axes
 - Level 3.2 Armour
 - Level 3.2 Shields


You had 9 spell levels left.
You didn't know any spells.
Your spell library contained the following spells:

 Spells                   Type           Power      Damage    Failure   Level
 Call Canine Familiar     Summ           0%         N/A       100%        3
 Conjure Flame            Conj/Fire      0%         6-21      100%        3
 Ignite Poison            Fire/Tmut/Pois 0%         N/A       100%        3
 Ozocubu's Armour         Ice            0%         N/A       100%        3
 Portal Projectile        Hex/Tloc       0%         N/A       100%        3
 Leda's Liquefaction      Hex/Erth       0%         N/A       100%        4
 Sticky Flame             Conj/Fire      0%         2d3       100%        4
 Ozocubu's Refrigeration  Ice            0%         4d5       100%        7


Dungeon Overview and Level Annotations

Branches:
Dungeon (8/15)             Temple (1/1) D:7
   Lair: D:8-11

Altars:
Ashenzari
Cheibriados
Fedhas
Gozag
Hepliaklqana
Makhleb
Nemelex Xobeh
Okawaru
Qazlal
Ru
Sif Muna
Trog
Uskayaw
Vehumet
Wu Jian
Xom
Yredelemnul
Zin
The Shining One

Shops:
D:2 !   D:6 [


Innate Abilities, Weirdness & Mutations

You are immune to sickness and miasma.
Your stone body is resilient. (AC +7)
You are immune to poison.
You resist negative energy. (rN+)
You are resistant to electric shocks. (rElec)
You are resistant to unholy torment.
You are immune to petrification.


Message History

The water moccasin dies!
The gargoyle barely misses you.
Your shield and plate armour prevent you from hitting the gargoyle.
The gargoyle is heavily damaged.
You hit the gargoyle.
An orc wizard comes into view. It is wielding a +0 dagger.
The gargoyle hits you but does no damage.
The gargoyle hurls a stone arrow at you.
You block the stone arrow.
You hit the gargoyle.
The gargoyle is heavily damaged.
You completely miss the gargoyle. You hit the manticore.
The gargoyle hurls a stone arrow at you.
The stone arrow hits you! You block the gargoyle's attack.
You slash the gargoyle!
You destroy the gargoyle!
You hit the manticore. You slash the gargoyle!
You block the manticore's attack.
The manticore claws you but does no damage. x2
The gargoyle hurls a stone arrow at you.
The stone arrow hits you!!
* * * LOW HITPOINT WARNING * * *
Things that are here:
a +0 flail; a +0 shortbow; 10 arrows You hit the manticore.
The manticore is lightly wounded.
The manticore bites you but does no damage.
The manticore claws you but does no damage.
The manticore claws you.
* * * LOW HITPOINT WARNING * * *
The manticore bites you.
* * * LOW HITPOINT WARNING * * *
The manticore claws you but does no damage. x2
Okay, then.
It was a potion of resistance.
You feel protected. You block the manticore's attack. The manticore claws you.
* * * LOW HITPOINT WARNING * * *
The manticore claws you.
You die...

.##.#.. #...#.......#†#).#
..#.#..# ##....##...##)†..#
#.#.#...###...#.#(......#..#
....##...#...##.##.#)#.##..#
##..# #.....###^...###.##..#
..# ##...## ####.. ..##..#
##.###############..#
#.#.#.##[.##.# #..#
#.#.#.#.#.@#)# .## ###.#
#.#.#.#.###H# ....# .
.#.#.###9#J#
##..##.#.#.#.#..#.#o# #.
.#.#.#.##.#.#.# #.#.#.#.#.#
#.#.#.# .#.#.#.## #.#.#..
#.#.#. #.##.}# #### ## ##


You could see a slime creature, a manticore and an orc wizard.

Vanquished Creatures
  A centaur warrior (D:8)
  A gargoyle (D:8)
  A hornet (D:7)
  A vampire (D:8)
  A yak (D:8)
  Menkaure (D:4)
  A black bear (D:6)
  An ice beast (D:6)
  A sky beast (D:8)
  4 necrophages (D:7)
  4 centaurs
  A phantom (D:7)
  A kobold brigand (D:8)
  A wyvern zombie (D:7)
  A scorpion (D:6)
  3 bullfrogs
  A wyvern skeleton (D:7)
  9 wights
  6 killer bees (D:8)
  A bullfrog zombie (D:5)
  2 jellies
  3 orc priests
  A bullfrog skeleton (D:5)
  2 centaur skeletons
  2 gnoll shamans
  3 orc wizards
  3 iguanas
  7 adders
  11 gnolls
  2 white imps (D:8)
  A worm (D:4)
  4 dart slugs
  18 orcs
  9 endoplasms
  4 giant cockroaches
  4 goblins
  9 hobgoblins
  6 jackals
  4 quokkas
  11 ball pythons
  5 bats
  3 frilled lizards
  5 kobolds
  7 rats
167 creatures vanquished.

Vanquished Creatures (others)
  A water moccasin (D:8)
  A centaur (D:8)
  13 plants
  4 withered plants (D:7)
19 creatures vanquished.

Grand Total: 186 creatures vanquished

Notes
Turn   | Place    | Note
-------+----------+-------------------------------------------
     0 | D:1      | Laan the Gargoyle Fighter began the quest for the Orb.
     0 | D:1      | Reached XP level 1. HP: 14/14 MP: 1/1
    51 | D:1      | Reached skill level 2 in Axes
    85 | D:1      | Reached XP level 2. HP: 19/19 MP: 2/2
   243 | D:1      | Found a faded altar of an unknown god.
   396 | D:1      | Reached skill level 3 in Axes
   458 | D:1      | Reached XP level 3. HP: 23/23 MP: 3/3
  1010 | D:2      | Found Qoaqanya's Distillery.
  1013 | D:2      | Bought a potion of heal wounds for 65 gold pieces
  1372 | D:2      | Reached XP level 4. HP: 27/28 MP: 4/4
  1555 | D:2      | Reached skill level 4 in Axes
  1998 | D:3      | Found a basalt altar of Yredelemnul.
  2199 | D:3      | Reached XP level 5. HP: 22/32 MP: 5/5
  2774 | D:4      | Noticed a centaur
  2777 | D:4      | Noticed Menkaure
  2783 | D:4      | Killed a centaur
  2784 | D:4      | Reached skill level 5 in Axes
  2784 | D:4      | Reached XP level 6. HP: 34/37 MP: 6/6
  2786 | D:4      | Killed Menkaure
  2787 | D:4      | Reached skill level 6 in Axes
  3111 | D:4      | Found an ornate altar of the Wu Jian Council.
  3324 | D:4      | Found a shimmering blue altar of Sif Muna.
  3325 | D:4      | Found a radiant altar of Vehumet.
  3445 | D:5      | Entered Level 5 of the Dungeon
  3529 | D:5      | Reached XP level 7. HP: 41/41 MP: 7/7
  3593 | D:5      | Found a snail-covered altar of Cheibriados.
  3867 | D:5      | Reached skill level 7 in Axes
  4161 | D:6      | Identified the +2 hat "Sasugea" {Harm rPois Int+4}
  4190 | D:6      | Reached skill level 8 in Axes
  4190 | D:6      | Reached XP level 8. HP: 40/46 MP: 8/8
  4707 | D:6      | Found a glowing silver altar of Zin.
  4741 | D:6      | Found Keuph's Armour Shoppe.
  5048 | D:7      | Reached skill level 9 in Axes
  5068 | D:7      | Noticed a hornet
  5077 | D:7      | Killed a hornet
  5543 | D:7      | Reached skill level 10 in Axes
  5813 | D:7      | Found a sacrificial altar of Ru.
  5820 | D:7      | Reached XP level 9. HP: 51/51 MP: 9/9
  6045 | D:7      | Reached skill level 11 in Axes
  6287 | D:7      | Found a staircase to the Ecumenical Temple.
  6302 | Temple   | Entered the Ecumenical Temple
  6381 | Temple   | Became a worshipper of the Shining One
  7180 | D:8      | Reached skill level 12 in Axes
  7367 | D:8      | Reached XP level 10. HP: 43/56 MP: 10/10
  7384 | D:8      | Reached * piety under the Shining One
  7502 | D:8      | Noticed a centaur warrior
  7502 | D:8      | Noticed a gargoyle
  7502 | D:8      | Noticed a manticore
  7505 | D:8      | Noticed a gargoyle
  7508 | D:8      | Killed a centaur warrior
  7509 | D:8      | Reached skill level 13 in Axes
  7516 | D:8      | Killed a gargoyle
  7519 | D:8      | HP: 1/56 [manticore (6)]
  7519 | D:8      | Slain by a manticore

Illustrated notes

Levels and vault maps discovered:
D:1:      ncdulo_smallfort, layout_loops_ring, hellmonk_ecumenical_altar_blasted
D:2:      layout_loops_ring, serial_shops, nicolae_shop_behind_doors,
          minmay_misc_feat_enclosed
D:3:      layout_basic, yredelemnul_altar_generic, minmay_hedge_maze,
          chequers_big_river
D:4:      layout_cave_pools, gammafunk_temple_overflow_pools,
          mainiacjoe_overflow_brackets, chequers_arboretum, uniq_menkaure
D:5:      layout_basic, kennysheep_slug_shrine
D:6:      layout_rooms, marbit_many_paths, serial_shops, nicolae_shop_trees
D:7:      layout_loops_corners, nicolae_ru_awakened_eye,
          minmay_temple_entry_overgrown, serial_undead, serial_undead_a,
          serial_undead_b, serial_undead_f, serial_undead_e
D:8:      layout_basic, mainiacjoe_overflow_catwalk, minmay_the_grid_2x2
          [minmay_the_grid_small_cups, minmay_the_grid_outer_diamond,
          minmay_the_grid_stretched_grid,
          minmay_the_grid_prize_four_corners_diamond_b], uniq_maurice
Temple:   dshaligram_water_room_temple

Skill      XL: |  1  2  3  4  5  6  7  8  9 10 |
---------------+-------------------------------+-----
Axes           | 2 3 4 5 6 8 10 12 13 | 13.2
Fighting       | |  3.2
Armour         | |  3.2
Shields        | |  3.2

Action                   |  1- 3 |  4- 6 |  7- 9 | 10-12 || total
-------------------------+-------+-------+-------+-------++-------
Melee: War axe           |   153 |   163 |   226 |    32 ||   574
  Use: Potion            |       |     1 |     1 |     4 ||     6
Armor: Scale mail        |    29 |       |       |       ||    29
       Plate armour      |    94 |   169 |   164 |    58 ||   485
Dodge: Dodged            |    48 |    31 |    38 |    10 ||   127
Block: Kite shield       |    84 |    72 |    88 |    22 ||   266

Table legend: (Time is in decaauts)
 A = Elapsed time spent in this place.
 B = Non-inter-level travel time spent in this place.
 C = Inter-level travel time spent in this place.
 D = Time resting spent in this place.
 E = Time spent auto-exploring this place.
 F = Levels seen in this place.
 G = Mean time per level.
                   A        B        C        D        E       F      G
               +--------+--------+--------+--------+--------+-----+--------+
         Total |   7762 |   7537 |    225 |   1464 |   4593 |   9 |  862.4 |
       Dungeon |   7673 |   7456 |    217 |   1464 |   4528 |   8 |  959.1 |
        Temple |     88 |     80 |      8 |      0 |     65 |   1 |   88.0 |
               +--------+--------+--------+--------+--------+-----+--------+

Top non-repeatable levels by time:
     D:7: 2022 daAuts
     D:3: 1146 daAuts
     D:1: 883 daAuts
     D:2: 860 daAuts
     D:6: 856 daAuts
     D:4: 736 daAuts
     D:8: 585 daAuts
     D:5: 582 daAuts
  Temple: 88 daAuts
